 Dungeon Crawl Stone Soup version 0.21.0-25-ge575cb9 (webtiles) character file.

114 Mgcat the Insei (level 4, 0/35 HPs)
             Began as a Draconian Transmuter on Jan 23, 2018.
             Slain by a worm (6 damage)
             ... in a sewer.
             The game lasted 00:05:22 (2711 turns).

Mgcat the Insei (Draconian Transmuter)              Turns: 2711, Time: 00:05:23

Health: 0/35       AC:  5    Str: 12    XL:     4   Next: 67%
Magic:  6/7        EV: 12    Int: 14    God:
Gold:   153        SH:  0    Dex: 12    Spells: 1/7 levels left

rFire    . . .     SeeInvis .     - Unarmed
rCold    + . .     Gourm    .   (no shield)
rNeg     . . .     Faith    .   (armour unavailable)
rPois    .         Spirit   .   (helmet restricted)
rElec    .         Reflect  .   (no cloak)
rCorr    .         Harm     .   (no gloves)
MR       .....                  (boots currently unavailable)
Stlth    +.........             d - amulet of magic regeneration
HPRegen  0.11/turn              e - ring of protection from cold
MPRegen  0.35/turn              (no ring)

@: appendage
A: unfitting armour, talons 3, cold-blooded, AC +5
a: End Transformation


You were in a sewer.
You were not hungry.
You had grown temporary talons.
You visited 1 branch of the dungeon, and saw 3 of its levels.
You also visited: Sewer.

You collected 153 gold pieces.

Inventory:

Hand Weapons
 k - a +1 great sword of slicing
Missiles
 a - 12 arrows
 o - 65 stones (quivered)
Jewellery
 d - an amulet of magic regeneration (around neck)
 e - a ring of protection from cold (left hand)
 r - an uncursed ring of resist corrosion {unknown}
Scrolls
 f - 2 scrolls of teleportation {unknown}
 h - 2 scrolls of enchant armour {unknown}
 j - 4 scrolls of identify {unknown}
 m - a scroll of blinking {unknown}
Potions
 g - a potion of might {unknown}
 i - 2 potions of curing
 l - a potion of cancellation {unknown}
 n - a potion of heal wounds {unknown}
 p - a potion of brilliance {unknown}
 s - a potion of flight {unknown}
 u - a potion of degeneration {unknown}
Books
 b - a book of Changes

   Spells                             Type                      Level
   a - Beastly Appendage              Transmutation                1
   b - Sticks to Snakes               Transmutation                2
   c - Spider Form                    Transmutation/Poison         3
   d - Ice Form                       Ice/Transmutation            4
   e - Blade Hands                    Transmutation                5
 q - a book of Misfortune

   Spells                             Type                      Level
   a - Confusing Touch                Hexes                        1
   b - Confuse                        Hexes                        3
   c - Gell's Gravitas                Translocation                3
   d - Petrify                        Transmutation/Earth          4
   e - Metabolic Englaciation         Hexes/Ice                    5
   f - Yara's Violent Unravelling     Hexes/Transmutation          5
Comestibles
 c - 4 rations
 t - 3 chunks of flesh


   Skills:
 - Level 1.4 Fighting
 - Level 2.0 Dodging
 - Level 5.0 Unarmed Combat
 + Level 2.2 Spellcasting
 + Level 2.3 Transmutations
 + Level 0.3 Poison Magic


You had one spell level left.
You knew the following spells:

 Your Spells              Type           Power        Failure   Level  Hunger
a - Beastly Appendage     Tmut           #.....       9%          1    #......
b - Sticks to Snakes      Tmut           #.......     14%         2    ###....
c - Spider Form           Tmut/Pois      #.........   38%         3    ###....


Dungeon Overview and Level Annotations

Branches:
Dungeon (3/15)

Altars:
Kikubaaqudgha


Innate Abilities, Weirdness & Mutations

Your plain brown scales are hard. (AC +5)
You cannot fit into any form of body armour.
You are cold-blooded and may be slowed by cold attacks.
You have claws for feet.


Message History

The worm bites you!
You punch the leopard gecko!
You kill the leopard gecko!
You hit the worm.
The worm is moderately wounded.
Your horns disappear.
The worm bites you.
* * * LOW HITPOINT WARNING * * *
You barely miss the worm.
You tail-slap the worm, but do no damage.
The worm is moderately wounded.
You hit the worm.
The worm is moderately wounded.
The worm bites you!
* * * LOW HITPOINT WARNING * * *
You feel better.
Casting: Beastly Appendage
Confirm with . or Enter, or press ? or * to list all spells.
Your feet morph into talons.
The worm bites you.
You die...

#### ###∩@###
#..†w..####..
#....∩......≈
#..........≈.
##.....##.###
##...## #
#####


You could see a worm.

Vanquished Creatures
  5 adders
  An ooze (D:1)
  A worm (D:2)
  A dart slug (D:2)
  5 leopard geckos
  2 ball pythons
  3 bats (D:1)
  7 giant cockroaches
  6 goblins
  3 hobgoblins
  8 kobolds
  3 quokkas
  2 frilled lizards
  8 rats (D:1)
55 creatures vanquished.

Notes
Turn   | Place    | Note
-------+----------+-------------------------------------------
     0 | D:1      | Mgcat the Draconian Transmuter began the quest for the Orb.
     0 | D:1      | Reached XP level 1. HP: 16/16 MP: 3/3
    89 | D:1      | Reached XP level 2. HP: 4/23 MP: 5/5
   944 | D:1      | Reached XP level 3. HP: 26/28 MP: 6/6
  1070 | D:2      | Found a faded altar of an unknown god.
  1086 | D:2      | Reached skill level 4 in Unarmed Combat
  1569 | D:2      | Reached XP level 4. HP: 29/35 MP: 7/7
  1696 | D:2      | Found an ancient bone altar of Kikubaaqudgha.
  2141 | D:2      | Learned a level 2 spell: Sticks to Snakes
  2145 | D:2      | Learned a level 3 spell: Spider Form
  2656 | D:3      | Reached skill level 5 in Unarmed Combat
  2683 | D:3      | Found a glowing drain.
  2693 | Sewer    | Entered a sewer
  2709 | Sewer    | HP: 1/35 [worm (10)]
  2711 | Sewer    | Slain by a worm

Skill      XL: |  1  2  3  4 |
---------------+-------------+-----
Dodging        | 2 |  2.0
Unarmed Combat | 4 5 |  5.0
Fighting       | |  1.4
Spellcasting   | |  2.2
Transmutations | |  2.3
Poison Magic   | |  0.3

Action                   |  1- 3 |  4- 6 || total
-------------------------+-------+-------++-------
Melee: Unarmed           |   109 |    99 ||   208
       Tailslap          |    18 |     6 ||    24
       Punch             |     1 |       ||     1
       Great sword       |    17 |       ||    17
       Headbutt          |       |     2 ||     2
 Cast: Beastly Appendage |       |     2 ||     2
  Use: Potion            |       |     3 ||     3
 Stab: Sleeping          |       |     1 ||     1
  Eat: Chunk             |     2 |     4 ||     6
Armor: Skin              |    44 |    37 ||    81
Dodge: Dodged            |    94 |    50 ||   144
       Rpst.: Great sword |     7 |       ||     7
